 Dungeon Crawl Stone Soup version 0.17-a0-1210-g1e4f09d (webtiles) character file.

5 SWAGNEMITE the Grasshopper (level 1, -5/16 HPs)
             Began as a Human Wanderer on June 3, 2015.
             Slain by a goblin
             ... wielding a +0 club
              (6 damage)
             ... on level 1 of the Dungeon.
             The game lasted 00:00:42 (186 turns).

SWAGNEMITE the Grasshopper (Human Wanderer)          Turns: 186, Time: 00:00:43

Health: -5/16      AC:  2    Str: 10    XL:     1   Next: 88%
Magic:  2/2        EV: 11    Int: 15    God:
Gold:   0          SH:  0    Dex: 11    Spells: 0 memorised, 2 levels left

rFire  . . .     SeeInvis .     a - +2 spear
rCold  . . .     Clarity  .     d - +0 robe
rNeg   . . .     SustAt   .     (no shield)
rPois  .         Gourm    .     (no helmet)
rElec  .         Spirit   .     (no cloak)
rCorr  .         Warding  .     (no gloves)
rMut   .         Stasis   .     (no boots)
MR     .....                    (no amulet)
Stlth  +.........               (no ring)
                                (no ring)

@: not resistant to hostile enchantments, very unstealthy
A: no striking features
a: no special abilities


You were on level 1 of the Dungeon.
You were not hungry.

You visited 1 branch of the dungeon, and saw 1 of its levels.

Inventory:

Hand weapons
 a - a +2 spear (weapon)
Armour
 d - a +0 robe (worn)
Potions
 c - a potion of lignification {!q}
 f - a potion of haste {unknown}
Books
 b - Sif Muna's Volume of Conjuration and Ignition

   Spells                             Type                      Level
   a - Flame Tongue                   Conjuration/Fire             1
   b - Throw Flame                    Conjuration/Fire             2
Comestibles
 e - a bread ration {@e1}
 g - 3 fruits


   Skills:
 + Level 2.0 Fighting
 + Level 1.2 Armour
 + Level 1.0 Dodging
 - Level 1.0 Stealth
   Level 1.0 Shields
 - Level 1.0 Spellcasting
   Level 2.0 Charms
   Level 2.0 Translocations


You had 2 spell levels left.
You didn't know any spells.

Dungeon Overview and Level Annotations

Branches:
Dungeon (1/15)

Altars:


Message History

There is an open door here.
f - a cyan potion
Found an escape hatch in the floor.
A rat comes into view.
The rat moves out of view.
No target in view!
No target in view!
No target in view!
The rat is too close now for your liking.
You hit the rat. The rat barely misses you.
You hit the rat.
You kill the rat!
No target in view!
A bat comes into view.
A bat is nearby!
Attack whom?
Aim: a bat (resting)
You reach to attack!
The helpless bat fails to defend itself.
You hit the bat. The bat closely misses you. The bat hits you.
You take 1 damage, and have 15/16 hp.
Attack whom?
Aim: a bat You reach to attack!
You barely miss the bat. The bat barely misses you.
A bat is nearby!
You miss the bat. The bat hits you but does no damage.
Attack whom?
Aim: a bat You reach to attack!
You hit the bat. The bat barely misses you. The bat hits you.
You take 1 damage, and have 14/16 hp.
A bat is nearby!
You hit the bat.
You kill the bat!
No target in view!
No target in view!
g - 3 fruits You open the door.
There is an open door here.
A rat comes into view.
A rat is nearby!
Attack whom?
Aim: a rat You reach to attack!
You barely miss the rat. You closely miss the rat. The rat closely misses you.
You hit the rat. The rat bites you.
You take 1 damage, and have 14/16 hp.
You barely miss the rat. The rat barely misses you. The rat bites you.
You take 2 damage, and have 12/16 hp.
You hit the rat. The rat bites you but does no damage.
You hit the rat.
You kill the rat!
No target in view!
A jackal, a giant cockroach and a goblin come into view.
The goblin shouts!
A jackal comes into view.
There are monsters nearby!
A jackal comes into view.
The jackal barks!
The jackal barks!
The goblin closely misses you. The jackal bites you.
You take 3 damage, and have 10/16 hp.
You closely miss the jackal.
The jackal bites you but does no damage. x2
You hit the jackal.
You kill the jackal!
The giant cockroach bites you.
You take 1 damage, and have 9/16 hp.
You hit the giant cockroach. The jackal misses you.
The giant cockroach bites you.
You take 1 damage, and have 8/16 hp.
You hit the giant cockroach but do no damage.
The giant cockroach barely misses you.
You barely miss the giant cockroach. The giant cockroach bites you.
The jackal bites you. The giant cockroach barely misses you.
The jackal bites you.
You take 3 damage, and have 5/16 hp.
You closely miss the giant cockroach.
The jackal bites you but does no damage.
The jackal completely misses you.
The giant cockroach bites you but does no damage.
You completely miss the giant cockroach.
The jackal closely misses you. The jackal barely misses you.
The giant cockroach bites you.
* * * LOW HITPOINT WARNING * * *
The jackal closely misses you. x2
You take 2 damage, and have 3/16 hp.
You puncture the giant cockroach!
You kill the giant cockroach!
Your Dodging skill increases to level 1!
The jackal bites you.
* * * LOW HITPOINT WARNING * * *
The jackal barely misses you. The jackal bites you.
* * * LOW HITPOINT WARNING * * *
You take 2 damage, and have 1/16 hp.
Unknown command.
You hit the goblin. The jackal closely misses you.
The jackal barely misses you. The goblin hits you with a club.
You die...

..........#..#......
........#.#..#......
#..........#.........
##.#..........##........
##.#..................##
##.#..................##
##.#.####.........h..... ##.#.#
#.....##g#h...## ##.#.#
#.###.##@#....#
##.#'####.......hh....#
##............#.......#
..............#.......#
##............#.......#
##............#.......# #########
..............#.......# #........
##.#######............# #........
##.#..................###........


You could see 2 jackals and a goblin.

Vanquished Creatures
  A bat (D:1)
  A giant cockroach (D:1)
  A jackal (D:1)
  3 rats (D:1)
6 creatures vanquished.

Notes
Turn   | Place    | Note
--------------------------------------------------------------
     0 | D:1      | SWAGNEMITE the Human Wanderer began the quest for the Orb.
     0 | D:1      | SWAGNEMITE set off with: a +2 spear, Sif Muna's Volume of Conjuration and Ignition, a potion of lignification {!q}, a +0 robe, a bread ration {@e1}
     0 | D:1      | Reached XP level 1. HP: 16/16 MP: 2/2
   184 | D:1      | HP: 3/16 [giant cockroach (2)]
   185 | D:1      | Reached skill level 1 in Dodging
   185 | D:1      | HP: 1/16 [jackal (1)]
   186 | D:1      | Slain by a goblin

Vault maps used:
D:1:      minmay_arrival_widening_spiral_wide

Action                   || total
-------------------------++-------
Melee: Spear             ||    23
 Stab: Sleeping          ||     1

Vault maps used:
D:1:      minmay_arrival_widening_spiral_wide

Table legend:
 A = Turns spent in this place as a percentage of turns spent in the entire game.
 B = Non-inter-level travel turns spent in this place as a percentage of non-inter-level travel turns spent in the entire game.
 C = Inter-level travel turns spent in this place as a percentage of turns spent in this place.
 D = Turns resting spent in this place as a percentage of non-inter-level travel turns spent in this place.
 E = Turns spent auto-exploring this place as a percentage of non-inter-level travel turns spent in this place.
 F = Non-inter-level travel turns spent in this place divided by the number of levels of this place that you've seen.
                   A       B       C       D       E      F
               +-------+-------+-------+-------+-------+----------------------
         Total | 100.0 | 100.0 |   0.0 |   0.0 |  13.8 |  58.0
       Dungeon | 100.0 | 100.0 |   0.0 |   0.0 |  13.8 |  58.0
               +-------+-------+-------+-------+-------+----------------------

Table legend:
 A = Kills in this place as a percentage of kills in entire the game.
 B = Kills by you in this place as a percentage of kills by you in the entire game.
 C = Kills by friends in this place as a percentage of kills by friends in the entire game.
 D = Other kills in this place as a percentage of other kills in the entire game.
 E = Experience gained in this place as a percentage of experience gained in the entire game.
 F = Experience gained in this place divided by the number of levels of this place that you have seen.
                   A       B       C       D       E      F
               +-------+-------+-------+-------+-------+----------------------
         Total | 100.0 | 100.0 |  -nan |  -nan | 100.0 |   8.0
       Dungeon | 100.0 | 100.0 |  -nan |  -nan | 100.0 |   8.0
               +-------+-------+-------+-------+-------+----------------------
